 Dungeon Crawl Stone Soup version 0.30.1-3-gfc49f6343a (webtiles) character file.

Game seed: 17937206772107782095

52 shmup the Firebug (level 3, 0/19 HPs)
             Began as a Tengu Fire Elementalist on July 31, 2023.
             Slain by a jelly (2 damage)
             ... on level 1 of the Dungeon.
             The game lasted 00:03:03 (1490 turns).

shmup the Firebug (Tengu Fire Elementalist)         Turns: 1490, Time: 00:03:03

Health: 0/19       AC:  2    Str:  8    XL:     3   Next: 85%
Magic:  3/7        EV: 12    Int: 17    God:
Gold:   69         SH:  0    Dex: 14    Spells: 3/6 levels left

rFire   . . .        (no weapon)
rCold   . . .        (no shield)
rNeg    . . .        a - +0 robe
rPois   .            (helmet restricted)
rElec   .            (no cloak)
rCorr   .            (no gloves)
SInv    .            (boots unavailable)
Will    .....        (no amulet)
Stlth   ++           (no ring)
HPRegen 0.23/turn    (no ring)
MPRegen 0.10/turn

%: no passive effects
@: no status effects
A: beak, talons 3
a: no special abilities


You were on level 1 of the Dungeon.
You visited 1 branch of the dungeon, and saw 1 of its levels.

You collected 69 gold pieces.

Inventory:

Missiles
 j - 5 stones (quivered)
Armour
 a - a +0 robe (worn)
Magical Staves
 d - a staff of death
Scrolls
 c - a scroll of identify {unknown}
 e - a scroll of vulnerability {unknown}
 f - a scroll of fog {unknown}
 h - a scroll of fear {unknown}
 i - a scroll of magic mapping {unknown}
Potions
 b - a potion of magic
 g - a potion of lignification {unknown}


   Skills:
 - Level 2.1 Dodging
 - Level 2.0 Stealth
 - Level 2.0 Spellcasting
 + Level 2.9 Conjurations
 * Level 4.6 Fire Magic


You had 3 spell levels left.
You knew the following spells:

 Your Spells              Type           Power      Damage    Failure   Level
a - Foxfire               Conj/Fire      56%        2x1d6     4%          1
b - Scorch                Fire           34%        2d6       4%          2

Your spell library contained the following spells:

 Spells                   Type           Power      Damage    Failure   Level
 Inner Flame              Hex/Fire       9%         N/A       22%         3
 Volatile Blastmotes      Fire/Tloc      18%        2d11      22%         3
 Flame Wave               Conj/Fire      14%        2d6       38%         4


Dungeon Overview and Level Annotations

Branches:
Dungeon (1/15) Zot: 4510

Altars:


Innate Abilities, Weirdness & Mutations

You have a beak for a mouth.
You have claws for feet.


Message History

The giant cockroach attacks as you move away!
The giant cockroach barely misses you.
The giant cockroach attacks as you move away!
The giant cockroach bites you. The giant cockroach misses you.
The giant cockroach attacks as you move away!
The giant cockroach closely misses you.
The giant cockroach attacks as you move away!
The giant cockroach misses you.
The endoplasm jiggles.
The giant cockroach attacks as you move away!
The giant cockroach barely misses you.
The giant cockroach bites you but does no damage.
The giant cockroach attacks as you move away!
The giant cockroach closely misses you.
The giant cockroach bites you but does no damage.
Casting: Foxfire (safe; 4% risk of failure)
Confirm with . or Enter, or press ? or * to list all spells.
You conjure some foxfire!
The giant cockroach bites you but does no damage.
The foxfire hits the giant cockroach but does no damage. x2
The giant cockroach barely misses you.
Casting: Foxfire (safe; 4% risk of failure)
Confirm with . or Enter, or press ? or * to list all spells.
You conjure some foxfire!
The giant cockroach closely misses you.
The foxfire hits the giant cockroach.
The giant cockroach is severely wounded.
The foxfire hits the giant cockroach.
You kill the giant cockroach!
Casting: Foxfire (safe; 4% risk of failure)
Confirm with . or Enter, or press ? or * to list all spells.
Okay, then.
The jelly attacks as you move away! The jelly hits you.
You are splashed with acid!
* * * LOW HITPOINT WARNING * * *
The jelly attacks as you move away! The jelly hits you.
* * * LOW HITPOINT WARNING * * *
You are splashed with acid.
* * * LOW HITPOINT WARNING * * *
The jelly attacks as you move away! The jelly hits you.
You die...

▒..............▒ ▒.▒▒...▒.▒.
▒......▒▒▒▒▒▒..▒ ▒.▒........
▒......▒ ▒..▒ ▒......▒.▒.
▒......▒ ▒▒.▒▒▒...▒......
▒......▒ ▒.......▒..▒.▒.
▒▒▒▒▒▒......▒ ▒...▒.▒.▒.....>
.......▒▒▒▒▒▒ ▒...▒.▒.▒..▒.▒.
.....r.r.▒▒▒▒▒▒▒▒▒▒.▒.▒..........
▒▒▒▒'▒▒▒.▒.%rJrJQ...▒.▒......▒.▒.
>...J..▒r▒r▒...▒▒▒▒▒▒.▒..........
<..J...▒J▒.▒...▒ ▒.▒......▒.▒.
▒▒....}+r▒r▒...▒ ▒.▒..........
.rr....▒J▒J▒...▒ ▒.▒......▒.▒.
'▒▒▒▒▒▒▒.▒r▒...▒ ▒.▒..........
...J.. ▒...▒...▒ ▒.▒▒.........
...J...▒...▒...▒ ▒.▒▒.........
.......▒...▒...▒▒▒ ▒.▒▒.........


You could see a jelly, an endoplasm and 3 rats.

Vanquished Creatures
  4 dart slugs (D:1)
  6 ball pythons (D:1)
  4 bats (D:1)
  An endoplasm (D:1)
  4 giant cockroaches (D:1)
  A goblin (D:1)
  5 hobgoblins (D:1)
  2 jackals (D:1)
  A kobold (D:1)
  A quokka (D:1)
  11 frilled lizards (D:1)
  3 rats (D:1)
43 creatures vanquished.

Vanquished Creatures (others)
  102 foxfires (D:1)
102 creatures vanquished.

Grand Total: 145 creatures vanquished

Notes
Turn   | Place    | Note
-------+----------+-------------------------------------------
     0 | D:1      | shmup the Tengu Fire Elementalist began the quest for the
                  | Orb.
     0 | D:1      | Reached XP level 1. HP: 10/10 MP: 4/4
     1 | D:1      | Found a runed translucent door.
     2 | D:1      | Noticed a jelly
   160 | D:1      | Reached XP level 2. HP: 15/15 MP: 0/6
   519 | D:1      | Reached skill level 4 in Fire Magic
   643 | D:1      | Reached XP level 3. HP: 19/19 MP: 5/7
   646 | D:1      | Learned a level 2 spell: Scorch
  1490 | D:1      | Slain by a jelly

Illustrated notes

Levels and vault maps discovered:
D:1:      dpeg_arrival_caged_fury, layout_basic, st_stairs_13,
          minmay_lizard_pond

Skill      XL: |  1  2 |
---------------+-------+-----
Conjurations   | 2 |  2.9
Fire Magic     | 4 |  4.6
Dodging        | |  2.1
Stealth        | |  2.0
Spellcasting   | |  2.0

Action                     || total
---------------------------++-------
  Melee: Unarmed           ||     2
         Kick              ||     1
   Cast: Foxfire           ||    65
 Armour: Robe              ||    14
  Dodge: Dodged            ||    24
